 Dungeon Crawl Stone Soup version 0.30.0-15-g856e2d3f33 (webtiles) character file.

Game seed: 4677857953590671335

88 qw the Chopper (level 4, -3/28 HPs)
             Began as a Gargoyle Fighter on May 20, 2023.
             Slain by a gnoll
             ... wielding a +0 spear
              (6 damage)
             ... on level 2 of the Dungeon.
             The game lasted 00:00:38 (967 turns).

qw the Chopper (Gargoyle Fighter)                    Turns: 967, Time: 00:00:38

Health: -3/28      AC: 10    Str: 22    XL:     4   Next: 53%
Magic:  4/4        EV:  9    Int:  8    God:
Gold:   65         SH:  4    Dex:  9    Spells: 3/3 levels left

rFire   . . .        Y - +0 war axe
rCold   . . .        c - +0 buckler
rNeg    + . .        b - +0 scale mail
rPois   inf          (no helmet)
rElec   +            (no cloak)
rCorr   .            (no gloves)
SInv    .            (no boots)
Will    .....        (no amulet) Stlth
                     (no ring)
HPRegen 0.24/turn    (no ring)
MPRegen 0.09/turn

%: no passive effects
@: about to teleport
A: sickness immunity, AC +3, negative energy resistance 1, electricity
resistance, torment resistance 1, petrification resistance
a: no special abilities


You were on level 2 of the Dungeon.
You visited 1 branch of the dungeon, and saw 2 of its levels.

You collected 120 gold pieces.
You spent 55 gold pieces at shops.


Innate Abilities, Weirdness & Mutations

You are immune to sickness and miasma.
Your stone body is resilient. (AC +3)
You are immune to poison.
You resist negative energy. (rN+)
You are resistant to electric shocks. (rElec)
You are resistant to unholy torment.
You are immune to petrification.


   Skills:
 - Level 3.2 Fighting
 + Level 4.2 Axes
 - Level 3.2 Armour
 - Level 3.2 Shields


You had 3 spell levels left.
You didn't know any spells.
Your spell library was empty.

Inventory:

Hand Weapons
 g - a +0 club
 Y - a +0 war axe (weapon)
Armour
 b - a +0 scale mail (worn)
 c - a +0 buckler (worn)
Scrolls
 a - a scroll of identify
 j - a scroll of blinking {unknown}
 k - a scroll of poison {unknown}
 m - a scroll of enchant weapon {unknown}
Potions
 d - a potion of might
 e - 2 potions of brilliance {unknown}
 h - a potion of curing {unknown}
 i - 2 potions of lignification {unknown}
 l - a potion of berserk rage {unknown}

Dungeon Overview and Level Annotations

Branches:
Dungeon (2/15)

Altars:

Shops:
D:2 [?(


Message History

You barely miss the gnoll.
The gnoll is moderately wounded.
You barely miss the bat. The bat barely misses you.
The gnoll barely misses you. The gnoll hits you but does no damage.
You barely miss the gnoll.
The gnoll is lightly wounded.
The bat barely misses you. The gnoll barely misses you.
The gnoll closely misses you. The gnoll hits you but does no damage.
The gnoll closely misses you.
You hit the gnoll.
The gnoll is moderately wounded.
You barely miss the gnoll. The gnoll barely misses you.
The gnoll hits you from afar with a +0 spear.
You block the gnoll's attack.
You closely miss the gnoll.
The gnoll is moderately wounded.
You barely miss the gnoll. You block the gnoll's attack.
The gnoll barely misses you. The gnoll hits you with a +0 flail.
You barely miss the gnoll.
The gnoll is moderately wounded.
You barely miss the gnoll.
A ball python comes into view.
The gnoll barely misses you. The gnoll hits you but does no damage.
You block the gnoll's attack. The gnoll hits you but does no damage.
The gnoll closely misses you. The gnoll hits you but does no damage.
The ball python moves out of view.
You hit the gnoll.
The gnoll is severely wounded.
You slash the gnoll! The gnoll hits you but does no damage.
The gnoll hits you with a +0 flail. The gnoll barely misses you.
967 ||| READING scroll of teleportation.
As you read the scroll of teleportation, it crumbles to dust.
You feel strangely unstable. The gnoll hits you with a +0 flail.
You block the gnoll's attack.
The gnoll hits you from afar with a +0 spear.
You die...

#....#### #.####
#..# #...###
...# . #.....##
"..#.. #......#
#.....
#.###..##...?#
#.# #%%%#....#
#..##..)#gb..###
#......%@gg...).
################


You could see 3 gnolls and a bat.

Vanquished Creatures
  5 adders (D:2)
  A worm (D:2)
  A dart slug (D:1)
  4 ball pythons
  2 endoplasms (D:2)
  2 giant cockroaches
  5 goblins
  2 hobgoblins (D:1)
  3 jackals (D:1)
  A kobold (D:2)
  2 quokkas (D:2)
  2 bats (D:2)
  4 frilled lizards
  2 rats (D:2)
36 creatures vanquished.

Notes
Turn   | Place    | Note
-------+----------+-------------------------------------------
     0 | D:1      | qw the Gargoyle Fighter began the quest for the Orb.
     0 | D:1      | Reached XP level 1. HP: 14/14 MP: 1/1
     0 | D:1      | 0 ||| qw: Version: 0.2-a-97-g499787f
     0 | D:1      | 0 ||| qw: Game counter: 46
     0 | D:1      | 0 ||| qw: Always use a shield: true
     0 | D:1      | 0 ||| qw: God list: Okawaru
     0 | D:1      | 0 ||| qw: Allow faded altars: false
     0 | D:1      | 0 ||| qw: Do Orc after D:15 true
     0 | D:1      | 0 ||| qw: Do second Lair branch before Depths: true
     0 | D:1      | 0 ||| qw: Lair rune preference: random
     0 | D:1      | 0 ||| qw: Plans: Normal, Zot:1-4, God:TSO, Crypt, Tomb,
                  | Pan, Slime:5, Hells, Abyss, Win
     0 | D:1      | 0 ||| PLANNING D:1-11
    38 | D:1      | Reached skill level 2 in Axes
    44 | D:1      | Reached XP level 2. HP: 6/19 MP: 2/2
   462 | D:1      | 462 ||| READING scroll labelled GYSENL ZOZIT.
   463 | D:1      | 463 ||| READING scroll labelled DOOSIA OCAOD.
   479 | D:2      | Found Gestreivi's Antique Armour Shoppe.
   494 | D:2      | 494 ||| SHOPLISTING pair of gloves (135 gold, have 71).
   494 | D:2      | 494 ||| SHOPLISTING runed ice dragon scales (1890 gold,
                  | have 71).
   494 | D:2      | 494 ||| SHOPLISTING storm dragon scales (2400 gold, have
                  | 71).
   530 | D:2      | Reached skill level 3 in Axes
   530 | D:2      | Found Bostruozy's Magic Scroll Shoppe.
   553 | D:2      | 553 ||| SHOPLISTING scroll of enchant armour (82 gold, have
                  | 71).
   553 | D:2      | 553 ||| BUYING scroll of identify (22 gold).
   553 | D:2      | Bought a scroll of identify for 22 gold pieces
   553 | D:2      | 553 ||| BUYING scroll of teleportation (33 gold).
   553 | D:2      | Bought a scroll of teleportation for 33 gold pieces
   557 | D:2      | Found Raes Jaism's Antique Weapon Emporium.
   569 | D:2      | 569 ||| SHOPLISTING glowing war axe (104 gold, have 16).
   569 | D:2      | 569 ||| SHOPLISTING mace (48 gold, have 16).
   569 | D:2      | 569 ||| SHOPLISTING whip (40 gold, have 16).
   593 | D:2      | Reached XP level 3. HP: 23/23 MP: 3/3
   731 | D:2      | Reached XP level 4. HP: 26/28 MP: 4/4
   928 | D:2      | 928 ||| Stepping ~*~*~tactically~*~*~ (stealth).
   930 | D:2      | 930 ||| Stepping ~*~*~tactically~*~*~ (stealth).
   937 | D:2      | Reached skill level 4 in Axes
   942 | D:2      | 942 ||| Stepping ~*~*~tactically~*~*~ (stealth).
   943 | D:2      | 943 ||| Stepping ~*~*~tactically~*~*~ (stealth).
   956 | D:2      | 956 ||| Stepping ~*~*~tactically~*~*~ (stealth).
   966 | D:2      | HP: 6/28 [gnoll/+0 flail (3)]
   967 | D:2      | 967 ||| READING scroll of teleportation.
   967 | D:2      | Slain by a gnoll

Levels and vault maps discovered:
D:1:      psy_arrival_dodecagon, layout_rooms
D:2:      minmay_recursive_quarters, layout_rooms, serial_shops, shop_fountains,
          nicolae_square_shop, nicolae_shop_dealshenge,
          minmay_stone_trees_small, nicolae_figureground_pulse

Skill      XL: |  1  2  3  4 |
---------------+-------------+-----
Axes           | 2 3 4 |  4.2
Fighting       | |  3.2
Armour         | |  3.2
Shields        | |  3.2

Action                     |  1- 3 |  4- 6 || total
---------------------------+-------+-------++-------
  Melee: War axe           |    69 |    37 ||   106
    Use: Scroll            |     2 |     1 ||     3
 Armour: Scale mail        |    44 |    22 ||    66
  Dodge: Dodged            |    38 |    35 ||    73
  Block: Buckler           |    11 |    10 ||    21

Table legend:
 A = Non-vault XP
 B = Vault XP
 C = Vault XP percentage of total XP
 D = Non-vault monster count
 E = Vault monster count
 F = Vault count percentage of total count
                 A         B        C        D         E       F
            +---------+---------+-------+---------+---------+-------
      Total |     116 |      10 |   7.9 |      30 |       6 |  16.7
            +---------+---------+-------+---------+---------+-------
        D:1 |      25 |       0 |   0.0 |      13 |       0 |   0.0
        D:2 |      91 |      10 |   9.9 |      17 |       6 |  26.1
            +---------+---------+-------+---------+---------+-------
